 Dungeon Crawl Stone Soup version 0.31-a0-435-g2c6fae2916 (webtiles) character file.

Game seed: 18363586389045736283

1369 CraigForest the Chopper (level 8, -1/62 HPs)
             Began as a Formicid Fighter on Aug 1, 2023.
             Killed from afar by a steam dragon (16 damage)
             ... with a ball of steam
             ... on level 5 of the Dungeon.
             The game lasted 00:17:29 (4560 turns).

CraigForest the Chopper (Formicid Fighter)          Turns: 4560, Time: 00:17:30

Health: -1/62      AC:  7    Str: 21    XL:     8   Next: 97%
Magic:  8/8        EV: 10    Int:  8    God:
Gold:   342        SH:  5    Dex: 15    Spells: 7/7 levels left

rFire   . . .        u - +1 war axe (freeze)
rCold   . . .        c - +0 buckler
rNeg    . . .        b - +0 scale mail
rPois   .            (helmet unavailable)
rElec   .            (no cloak)
rCorr   .            (no gloves)
SInv    +            (no boots)
Will    .....        (no amulet) Stlth
                     (no ring)
HPRegen 0.30/turn    (no ring)
MPRegen 0.11/turn

%: no passive effects
@: no status effects
A: permanent stasis, dig shafts and tunnels, antennae 3, four strong arms
a: Dig, Shaft Self


You were on level 5 of the Dungeon.
You visited 1 branch of the dungeon, and saw 5 of its levels.

You collected 342 gold pieces.

Inventory:

Hand Weapons
 a - a +0 quarterstaff
 k - a +0 giant spiked club
 l - a +2 whip of holy wrath
 u - a +1 war axe of freezing (weapon)
Missiles
 j - 3 throwing nets
 x - 7 poisoned darts
 y - a javelin
 A - a boomerang
Armour
 b - a +0 scale mail (worn)
 c - a +0 buckler (worn)
Jewellery
 s - an amulet of magic regeneration
Talismans
 w - a blade talisman
Wands
 v - a wand of charming (4)
Scrolls
 h - a scroll of fear {unknown}
 i - a scroll of fog
 o - 2 scrolls of teleportation {unknown}
 p - a scroll of revelation {unknown}
 r - a scroll of torment {unknown}
 B - a scroll of amnesia {unknown}
Potions
 d - 2 potions of might
 f - 3 potions of curing
 g - a potion of degeneration {unknown}
 m - 2 potions of brilliance
 n - a potion of enlightenment {unknown}
 q - a potion of lignification {unknown}
 t - a potion of ambrosia {unknown}
 z - a potion of mutation {unknown}


   Skills:
 + Level 5.2 Fighting
 + Level 6.2 Axes
 + Level 4.4 Staves
 + Level 5.4 Armour
 + Level 1.7 Dodging
 + Level 1.1 Stealth
 - Level 6.0 Shields


You had 7 spell levels left.
You didn't know any spells.
Your spell library contained the following spells:

 Spells                   Type           Power      Damage    Failure   Level
 Volatile Blastmotes      Fire/Tloc      0%         2d10      99%         3
 Fulminant Prism          Conj/Hex       0%         3d5       100%        4
 Iskenderun's Mystic Bla  Conj/Tloc      0%         2d3       100%        4


Dungeon Overview and Level Annotations

Branches:
Dungeon (5/15)
 Temple: D:4-7

Altars:
Zin

Shops:
D:4 (


Innate Abilities, Weirdness & Mutations

You cannot be hasted, slowed, berserked, paralysed or teleported.
You can dig through walls and to a lower floor.
You have a pair of large antennae on your head. (SInv)
Your four strong arms can wield two-handed weapons with a shield.


Message History

The steam dragon bites you but does no damage.
The steam dragon closely misses you.
You closely miss the steam dragon.
The steam dragon is lightly wounded.
The steam dragon breathes steam at you. The ball of steam hits you!
The steam dragon barely misses you. x2
The steam dragon bites you. You block the steam dragon's attack.
You hit the steam dragon but do no damage.
The steam dragon is lightly wounded.
The steam dragon bites you.
* * * LOW HITPOINT WARNING * * *
You block the steam dragon's attack.
You closely miss the steam dragon.
The steam dragon is lightly wounded.
You block the steam dragon's attack.
The steam dragon claws you but does no damage.
You closely miss the steam dragon.
The steam dragon is lightly wounded.
The steam dragon bites you but does no damage.
The steam dragon claws you.
* * * LOW HITPOINT WARNING * * *
You completely miss the steam dragon.
The steam dragon is lightly wounded.
The steam dragon breathes steam at you. The ball of steam hits you!
* * * LOW HITPOINT WARNING * * *
The steam dragon barely misses you. x2
Okay, then.
You feel much better.
You are engulfed in a cloud of scalding steam.
A scorpion comes into view.
You block the steam dragon's attack. The steam dragon closely misses you.
The steam dragon bites you!
* * * LOW HITPOINT WARNING * * *
The steam dragon closely misses you.
You hit the steam dragon but do no damage.
The steam dragon is lightly wounded.
The steam dragon breathes steam at you. The ball of steam hits you!
You die...

#.....########.....#......
#.....########.....#......
#...###.[....###...#......
#.###...####...##..#......
###...###.$###...###......
##....##......#.....##.....
##....## ###s..##^...##....
#....## ##.D##..##....#....
#....# #§@.≈##..#....#....
#...†# #.)##..#.8#....#....
#....# #≈.⌠>.≈#..#....#....
#....# #...?.§#..#....#..).
#....# #..##..#.8#....#..))
#....# ##≈(..##..#....#....
#....## ##..## #.....#†...
##..†.## #### ##....#.....
##....## ##....##.....


You could see a steam dragon (catching breath) and a scorpion.

Vanquished Creatures
  Grinder (D:4)
  Duvessa (D:5)
  A black bear (D:5)
  An ice beast (D:5)
  An ogre (D:5)
  A centaur (D:5)
  3 scorpions
  Dowan (D:5)
  3 hounds
  An orc priest (D:5)
  Natasha (thrice) (D:3)
  3 iguanas
  An orc wizard (D:5)
  8 adders
  A white imp (D:5)
  2 ufetubi
  A worm (D:4)
  5 dart slugs
  12 orcs
  5 ball pythons
  8 bats
  7 endoplasms
  2 giant cockroaches
  7 goblins
  12 hobgoblins
  3 jackals (D:2)
  7 quokkas
  3 training dummies (D:4)
  2 frilled lizards (D:1)
  10 kobolds
  5 rats
121 creatures vanquished.

Notes
Turn   | Place    | Note
-------+----------+-------------------------------------------
     0 | D:1      | CraigForest the Formicid Fighter began the quest for the
                  | Orb.
     0 | D:1      | Reached XP level 1. HP: 18/18 MP: 1/1
    52 | D:1      | Reached XP level 2. HP: 23/24 MP: 2/2
   133 | D:1      | Found a faded altar of an unknown god.
   375 | D:1      | Reached XP level 3. HP: 29/29 MP: 3/3
  1179 | D:2      | Reached XP level 4. HP: 35/37 MP: 4/4
  2054 | D:3      | Noticed Natasha
  2061 | D:3      | Killed Natasha
  2062 | D:3      | Reached skill level 5 in Shields
  2062 | D:3      | Reached XP level 5. HP: 39/42 MP: 5/5
  2087 | D:3      | Noticed Natasha
  2106 | D:3      | Killed Natasha
  2427 | D:3      | Found a glowing silver altar of Zin.
  2482 | D:3      | Noticed Natasha
  2485 | D:3      | Killed Natasha
  2486 | D:3      | Reached XP level 6. HP: 48/48 MP: 6/6
  2937 | D:4      | Noticed Grinder
  2952 | D:4      | Killed Grinder
  2953 | D:4      | Reached skill level 1 in Dodging
  2953 | D:4      | Reached XP level 7. HP: 37/54 MP: 7/7
  3612 | D:4      | Found Doehyuch's Firing Range.
  3825 | D:5      | Entered Level 5 of the Dungeon
  3854 | D:5      | Noticed Duvessa
  3854 | D:5      | Noticed Dowan
  3866 | D:5      | Killed Dowan
  3869 | D:5      | Killed Duvessa
  3870 | D:5      | Reached XP level 8. HP: 5/61 MP: 8/8
  4069 | D:5      | Reached skill level 1 in Stealth
  4091 | D:5      | Reached skill level 5 in Fighting
  4091 | D:5      | Reached skill level 5 in Armour
  4156 | D:5      | Reached skill level 5 in Axes
  4557 | D:5      | HP: 3/62 [steam dragon/ball of steam (13)]
  4560 | D:5      | Killed from afar by a steam dragon

Illustrated notes

Levels and vault maps discovered:
D:1:      spicycebolla_green_bress_n_ham_2, layout_loops_ring,
          shapermc_ecumenical_altar_gd
D:2:      minmay_razor_zed, layout_basic
D:3:      layout_basic, zin_scriptorium, corexii_shack, guppyfry_early_orc_mine,
          uniq_natasha
D:4:      layout_gridville, corexii_checkpoint_b, amcnicky_mini_pool_small,
          chequers_serial_rivers_micro_e, nicolae_shop_firing_range,
          uniq_grinder
D:5:      layout_gridville, nicolae_qazlal_scattered_showers, nzn_random_ring,
          uniq_duvessa, uniq_eustachio

Skill      XL: |  1  2  3  4  5  6  7  8 |
---------------+-------------------------+-----
Staves         | 3 4 |  4.4
Shields        | 5 6 |  6.0
Fighting       | 4 5 |  5.2
Axes           | 2 4 6 |  6.2
Armour         | 4 5 |  5.4
Dodging        | 1 |  1.7
Stealth        | 1 |  1.1

Action                     |  1- 3 |  4- 6 |  7- 9 || total
---------------------------+-------+-------+-------++-------
  Melee: Quarterstaff      |   117 |    86 |       ||   203
         War axe           |       |    24 |   128 ||   152
Ability: Dig               |     1 |       |     1 ||     2
    Use: Scroll            |       |     1 |     3 ||     4
         Potion            |       |     1 |     2 ||     3
 Armour: Scale mail        |    57 |    43 |    53 ||   153
  Dodge: Dodged            |    39 |    33 |    75 ||   147
  Block: Buckler           |    29 |    18 |    45 ||    92

Table legend: (Time is in decaauts)
 A = Elapsed time spent in this place.
 B = Non-inter-level travel time spent in this place.
 C = Inter-level travel time spent in this place.
 D = Time resting spent in this place.
 E = Time spent auto-exploring this place.
 F = Levels seen in this place.
 G = Mean time per level.
                   A        B        C        D        E       F      G
               +--------+--------+--------+--------+--------+-----+--------+
         Total |   4651 |   4524 |    127 |    273 |   2959 |   5 |  930.2 |
       Dungeon |   4651 |   4524 |    127 |    273 |   2959 |   5 |  930.2 |
               +--------+--------+--------+--------+--------+-----+--------+

Top non-repeatable levels by time:
     D:2: 1337 daAuts
     D:4: 1037 daAuts
     D:3: 786 daAuts
     D:5: 759 daAuts
     D:1: 729 daAuts
